 Dungeon Crawl Stone Soup version 0.27-a0-577-ge2a43ba0c9 (webtiles) character file.

Game seed: 9441426872215433997

354 funkygono the Chucker (level 6, -14/57 HPs)
             Began as a Troll Hunter on Feb 26, 2021.
             Demolished by an orc warrior
             ... wielding a +0 glaive
              (20 damage)
             ... on level 5 of the Dungeon on Mar 9, 2021.
             The game lasted 00:08:24 (3224 turns).

funkygono the Chucker (Troll Hunter)                Turns: 3224, Time: 00:08:24

Health: -14/57     AC:  7    Str: 22    XL:     6   Next: 35%
Magic:  5/5        EV: 10    Int:  7    God:
Gold:   39         SH:  0    Dex: 11    Spells: 5/5 levels left

rFire    . . .     SeeInvis .     - Unarmed
rCold    . . .     Faith    .   (no shield)
rNeg     . . .     Spirit   .   b - +2 robe
rPois    .         Reflect  .   (helmet restricted)
rElec    .         Harm     .   j - +0 cloak
rCorr    +         Rampage  .   (gloves unavailable)
Will     .....                  (boots unavailable)
Stlth    +.........             (no amulet)
HPRegen  1.19/turn              l - ring of wizardry
MPRegen  0.09/turn              g - ring of resist corrosion

@: lethally poisoned (-14 -> -15), attractive
A: large, unfitting armour, claws 3, regeneration 1, shaggy fur 1, tough skin 1
a: no special abilities


You were on level 5 of the Dungeon.
You visited 1 branch of the dungeon, and saw 5 of its levels.

You collected 147 gold pieces.
You spent 108 gold pieces at shops.

Inventory:

Hand Weapons
 a - a +1 short sword
Missiles
 c - 5 large rocks
 d - 4 throwing nets
 f - 2 boomerangs (quivered)
 i - 30 poisoned darts
 k - 146 stones
Armour
 b - a +2 robe (worn)
 j - a +0 cloak (worn)
Jewellery
 g - a ring of resist corrosion (right claw)
 l - a ring of wizardry (left claw)
 m - an amulet of magic regeneration
 p - a +6 ring of intelligence
 q - a ring of wizardry
Wands
 o - a wand of polymorph (10)
Scrolls
 e - 2 scrolls of enchant weapon
 h - 2 scrolls of identify


   Skills:
 * Level 2.3 Fighting
 * Level 5.3 Throwing
 * Level 2.5 Dodging
 + Level 0.5 Stealth
 * Level 3.3 Unarmed Combat


You had 5 spell levels left.
You didn't know any spells.
Your spell library was empty.

Dungeon Overview and Level Annotations

Branches:
Dungeon (5/15)
 Temple: D:4-7

Altars:
Dithmenos
Gozag
Trog

Shops:
D:4 [

Annotations:
D:5 Inkie's ghost, amateur FeWr


Innate Abilities, Weirdness & Mutations

You are too large for most types of armour.
You have claws for hands.
Your natural rate of healing is unusually fast.
You are covered in fur. (AC +1)
You have tough skin. (AC +1)


Message History

The orc wizard hits you but does no damage.
The orc hits you but does no damage. The orc priest hits you with a +0 mace!
You barely miss the orc warrior.
The orc warrior is severely wounded.
A quokka comes into view.
The orc wizard closely misses you. The orc warrior closely misses you.
The orc hits you with a +0 flail.
The orc priest hits you but does no damage.
You barely miss the orc warrior.
The orc warrior is severely wounded.
The orc wizard points at you and mumbles some strange words.
The puff of flame hits you! The orc warrior barely misses you.
You closely miss the orc warrior.
The orc warrior is severely wounded.
The orc hits you with a +0 flail.
The orc priest hits you but does no damage.
The orc wizard hits you but does no damage.
You barely miss the orc warrior.
The orc warrior is severely wounded.
The orc warrior closely misses you. The orc barely misses you.
The orc priest hits you with a +0 mace. The orc wizard casts a spell at you.
You resist with some effort.
You closely miss the orc warrior.
The orc warrior is severely wounded.
The orc hits you but does no damage.
The orc warrior hits you with a +0 glaive!
* * * LOW HITPOINT WARNING * * *
The orc priest hits you but does no damage.
The orc wizard misses you.
Really quaff the potion of attraction?
You feel attractive to monsters. The scorpion stings you.
* * * LOW HITPOINT WARNING * * *
You are poisoned.
The scorpion poisons you!
The orc wizard hits you but does no damage.
The orc closely misses you.
The orc warrior hits you with a +0 glaive!!
You die...

...#.#...##...
.........#⌠.!♣!
#.......##....
##........##W..
#..........##⌠#
............###
..?............
#.....soo.....$
#......@o.[####
##.....or...#
##....#.......
#..## ###..##
.... ..# ≈≈≈.
## #≈≈≈ #≈≈


You could see an orc warrior, a scorpion, an orc priest, an orc wizard, Inkie's
ghost, an orc and a quokka.

Vanquished Creatures
  A centaur skeleton (D:4)
  A worker ant (D:4)
  An orc wizard (D:3)
  11 adders
  7 gnolls
  An ooze (D:2)
  A worm (D:2)
  2 dart slugs
  4 leopard geckos
  3 orcs
  6 giant cockroaches
  7 goblins
  10 hobgoblins
  13 jackals
  A quokka (D:2)
  6 bats
  8 frilled lizards
  6 kobolds
  9 rats
98 creatures vanquished.

Vanquished Creatures (others)
  2 plants (D:3)
2 creatures vanquished.

Grand Total: 100 creatures vanquished

Notes
Turn   | Place    | Note
-------+----------+-------------------------------------------
     0 | D:1      | funkygono the Troll Hunter began the quest for the Orb.
     0 | D:1      | Reached XP level 1. HP: 19/19 MP: 0/0
   178 | D:1      | Reached skill level 4 in Throwing
   191 | D:1      | Reached XP level 2. HP: 27/27 MP: 1/1
   690 | D:2      | Reached skill level 1 in Unarmed Combat
   690 | D:2      | Reached XP level 3. HP: 21/35 MP: 2/2
   762 | D:2      | Reached XP level 4. HP: 42/42 MP: 3/3
  1154 | D:2      | Upgraded the game from 0.27-a0-421-g7ddf969dea to
                  | 0.27-a0-577-ge2a43ba0c9
  1729 | D:3      | Reached XP level 5. HP: 25/47 MP: 4/4
  2088 | D:3      | Found a faded altar of an unknown god.
  2350 | D:4      | Reached skill level 5 in Throwing
  2429 | D:4      | Found Mifoyr's Antique Armour Boutique.
  2435 | D:4      | Bought a cloak for 108 gold pieces
  2464 | D:4      | Reached XP level 6. HP: 57/57 MP: 5/5
  2506 | D:4      | Found an opulent altar of Gozag.
  2707 | D:4      | Found a shadowy altar of Dithmenos.
  3164 | D:4      | Found a bloodstained altar of Trog.
  3212 | D:5      | Entered Level 5 of the Dungeon
  3212 | D:5      | Noticed Inkie's ghost (amateur FeWr)
  3212 | D:5      | Noticed an orc warrior
  3224 | D:5      | Demolished by an orc warrior

Illustrated notes

Levels and vault maps discovered:
D:1:      elethiomel_arrival_maze, layout_rooms
D:2:      layout_basic, minmay_misc_feat_doors
D:3:      layout_basic, chequers_ecumenical_altar_lobes,
          chequers_serial_rivers_room_a
D:4:      layout_layer_cave, grunt_dithmenos_smoke_and_mirrors,
          lightli_temple_of_fire, serial_shops, shop, grunt_gozag_statues
D:5:      layout_cave_pools, hellmonk_ghost_happy_afterlife,
          grunt_decor_junction, elyvilon_altar_1

Skill      XL: |  1  2  3  4  5  6 |
---------------+-------------------+-----
Throwing       | 4 5 |  5.3
Unarmed Combat | 1 2 3 |  3.3
Fighting       | 2 |  2.3
Dodging        | 2 |  2.5
Stealth        | |  0.5

Action                   |  1- 3 |  4- 6 || total
-------------------------+-------+-------++-------
Melee: Unarmed           |   105 |   153 ||   258
       Punch             |       |     2 ||     2
Throw: Large rock        |     5 |       ||     5
       Stone             |    14 |    68 ||    82
       Boomerang         |       |    57 ||    57
  Use: Scroll            |     4 |     6 ||    10
       Potion            |     2 |     1 ||     3
Armor: Robe              |    49 |    55 ||   104
Dodge: Dodged            |    89 |    89 ||   178

Table legend: (Time is in decaauts)
 A = Elapsed time spent in this place.
 B = Non-inter-level travel time spent in this place.
 C = Inter-level travel time spent in this place.
 D = Time resting spent in this place.
 E = Time spent auto-exploring this place.
 F = Levels seen in this place.
 G = Mean time per level.
                   A        B        C        D        E       F      G
               +--------+--------+--------+--------+--------+-----+--------+
         Total |   3209 |   3109 |    100 |      0 |   2416 |   5 |  641.8 |
       Dungeon |   3209 |   3109 |    100 |      0 |   2416 |   5 |  641.8 |
               +--------+--------+--------+--------+--------+-----+--------+

Top non-repeatable levels by time:
     D:2: 1040 daAuts
     D:4: 919 daAuts
     D:1: 644 daAuts
     D:3: 594 daAuts
     D:5: 11 daAuts
